 Dungeon Crawl Stone Soup version 0.28.0-53-g5a82cb258f (webtiles) character file.

Game seed: 10026381720310082833

13 Descartes the Magician (level 2, -1/16 HPs)
             Began as a Deep Elf Wanderer on July 29, 2022.
             Slain by a jackal (2 damage)
             ... on level 2 of the Dungeon.
             The game lasted 00:01:11 (552 turns).

Descartes the Magician (Deep Elf Wanderer)           Turns: 552, Time: 00:01:12

Health: -1/16      AC:  3    Str:  8    XL:     2   Next: 24%
Magic:  8/8        EV: 12    Int: 17    God:
Gold:   19         SH:  0    Dex: 14    Spells: 6/7 levels left

rFire   . . .      SeeInvis .   a - +2 falchion
rCold   . . .      Faith    .   (no shield)
rNeg    . . .      Spirit   .   d - +0 robe
rPois   .          Reflect  .   (no helmet)
rElec   .          Harm     .   (no cloak)
rCorr   .          Rampage  .   b - +0 pair of gloves
Will    .....                   (no boots)
Stlth   ++........              (no amulet)
HPRegen 0.05/turn               (no ring)
MPRegen 0.11/turn               (no ring)

@: no status effects
A: no striking features
a: no special abilities


You were on level 2 of the Dungeon.
You visited 1 branch of the dungeon, and saw 2 of its levels.

You collected 19 gold pieces.

Inventory:

Hand Weapons
 a - a +2 falchion (weapon)
Missiles
 c - 39 stones
 e - 4 atropa-tipped darts
 g - 3 poisoned darts
Armour
 b - a +0 pair of gloves (worn)
 d - a +0 robe (worn)
 h - a +0 tower shield
Potions
 f - a potion of curing {unknown}


   Skills:
 - Level 1.0 Fighting
 - Level 1.7 Long Blades
 + Level 1.6 Dodging
 + Level 2.6 Stealth
 * Level 0.3 Shields
 + Level 3.2 Spellcasting
 + Level 0.6 Conjurations
 + Level 2.3 Earth Magic


You had 6 spell levels left.
You knew the following spells:

 Your Spells              Type           Power      Damage    Failure   Level
a - Sandblast             Erth           20%        2d7       6%          1

Your spell library contained the following spells:

 Spells                   Type           Power      Damage    Failure   Level
 Stone Arrow              Conj/Erth      14%        3d7       26%         3


Dungeon Overview and Level Annotations

Branches:
Dungeon (1/15)

Altars:

Annotations:
D:2 Sigmund


Message History

You are too injured to fight recklessly!
You are too injured to fight recklessly!
You are too injured to fight recklessly!
You are too injured to fight recklessly!
You are too injured to fight recklessly!
You are too injured to fight recklessly!
You are too injured to fight recklessly!
You are too injured to fight recklessly!
You are too injured to fight recklessly!
You are too injured to fight recklessly!
Unknown command.
Sigmund points at you and mumbles some strange words.
You resist with significant effort. The jackal barely misses you.
Found a robe.
Sigmund casts a spell.
Sigmund flickers and vanishes!
Deactivating autopickup; reactivate with Ctrl-A.
An iguana, a ball python and a giant cockroach come into view.
Found 22 gold pieces.
The iguana hisses angrily.
The jackal bites you.
The giant cockroach waves its antennae.
Found a scroll labelled BOIZYUST FYJUJ.
The jackal closely misses you. The jackal bites you.
* * * LOW HITPOINT WARNING * * *
The jackal misses you. The jackal completely misses you. The jackal bites you.
* * * LOW HITPOINT WARNING * * *
The jackal bites you.
* * * LOW HITPOINT WARNING * * *
You hit the jackal.
The jackal is almost dead.
The jackal closely misses you.
The jackal bites you but does no damage.
You closely miss the jackal.
The jackal is almost dead.
The jackal bites you.
You die...

......##....#
..........B.######
##...##....l{....#
............####B#
.....$###.....##l#
....[. #.###.##.#
#.....# #.. .##h#
#.^.. #### ##h#
... #@# #.# #.#
#.. ###


You could see an iguana, 2 jackals and a giant cockroach.

Vanquished Creatures
  2 ball pythons
  2 bats
  An endoplasm (D:1)
  2 goblins
  A kobold (D:1)
  A quokka (D:1)
  2 frilled lizards
11 creatures vanquished.

Notes
Turn   | Place    | Note
-------+----------+-------------------------------------------
     0 | D:1      | Descartes the Deep Elf Wanderer began the quest for the
                  | Orb.
     0 | D:1      | Descartes set off with the following items: a +2 falchion,
                  | a +0 pair of gloves, 40 stones, a +0 robe; and the
                  | following spell memorised: Sandblast; and the following
                  | spells available to memorise: Stone Arrow
     0 | D:1      | Reached XP level 1. HP: 12/12 MP: 6/6
   448 | D:1      | Reached XP level 2. HP: 13/16 MP: 8/8
   512 | D:1      | You fall into a shaft and drop 1 floor!
   512 | D:2      | Noticed Sigmund
   552 | D:2      | Slain by a jackal

Illustrated notes

Levels and vault maps discovered:
D:1:      wander_arrival_fairy_ring, layout_basic
D:2:      layout_basic, nicolae_ecumenical_pavilion, uniq_crazy_yiuf_cottage,
          uniq_sigmund

Action                   || total
-------------------------++-------
Melee: Falchion          ||    22
 Cast: Sandblast         ||     1
 Stab: Sleeping          ||     1
Armor: Robe              ||     8
Dodge: Dodged            ||    23
